 Dungeon Sprint DCSS version 0.30.1-11-g7821555f0a (webtiles) character file.

Game seed: 12774932489355109779

3233 Groucho the Unseen (level 9, -13/50 HPs)
             Began as a Spriggan Enchanter on Dec 9, 2023.
             Was a Believer of Dithmenos.
             Mangled by a manticore (22 damage)
             ... in the Dungeon (Sprint II: "The Violet Keep of Menkaure").
             The game lasted 00:11:27 (972 turns).

Groucho the Unseen (Spriggan Enchanter)              Turns: 972, Time: 00:11:27

Health: -13/50     AC:  5    Str:  4    XL:     9   Next: 66%
Magic:  12/20      EV: 17    Int: 20    God:    Dithmenos [**....]
Gold:   48         SH:  5    Dex: 16    Spells: 10/22 levels left

rFire   + . .        a - +1 dagger
rCold   . . .        f - +0 buckler {rPois}
rNeg    . . .        h - +1 troll leather armour
rPois   +            (helmet restricted)
rElec   .            e - scarf {repulsion}
rCorr   .            (gloves unavailable)
SInv    +            (boots unavailable)
Will    +....        (no amulet)
Stlth   +++++++      c - ring of protection from fire
HPRegen 1.08/turn    (no ring)
MPRegen 0.17/turn

%: no teleportation, repel missiles
@: wreathed by umbra, very quick
A: very small, no large weapons, unfitting armour, see invisible, speed 3
a: Renounce Religion, Shadow Step


You were in the Dungeon.
You worshipped Dithmenos.
Dithmenos was pleased with you.
You visited 1 branch You collected 1053 gold pieces.
You spent 1005 gold pieces at shops.

Inventory:

Hand Weapons
 a - a +1 dagger (weapon)
Armour
 b - a +0 robe
 e - a scarf of repulsion (worn)
 f - a +0 buckler of poison resistance (worn)
 h - a +1 troll leather armour (worn)
Jewellery
 c - a ring of protection from fire (left hand)
Scrolls
 j - a scroll of identify {unknown}
Potions
 g - a potion of magic


   Skills:
 - Level 7.0 Fighting
 - Level 10.0 Short Blades
 + Level 4.0 Armour
 + Level 5.1 Dodging
 - Level 15.0 Stealth
 + Level 4.0 Shields
 - Level 7.0 Spellcasting
 + Level 5.0 Conjurations
 - Level 14.0 Hexes


You had 10 spell levels left.
You knew the following spells:

 Your Spells              Type           Power      Damage    Failure   Level
a - Ensorcelled Hibernat  Hex/Ice        70%        N/A       2%          2
b - Confusing Touch       Hex            58%        N/A       1%          3
c - Dazzling Flash        Conj/Hex       90%        N/A       1%          3
d - Tukima's Dance        Hex            58%        N/A       1%          3
e - Magic Dart            Conj           100%       1d8       3%          1

Your spell library contained the following spells:

 Spells                   Type           Power      Damage    Failure   Level
 Searing Ray              Conj           54%        2d6       5%          2
 Fulminant Prism          Conj/Hex       22%        3d12      6%          4


Dungeon Overview and Level Annotations

Branches:
Dungeon (1/1)

Altars:
Cheibriados
Dithmenos
Elyvilon
Fedhas
Gozag
Hepliaklqana
Kikubaaqudgha
Makhleb
Nemelex Xobeh
Okawaru
Qazlal
Ru
Sif Muna
Trog
Uskayaw
Vehumet
Wu Jian
Xom
Yredelemnul
Zin
The Shining One
Jiyva
Lugonu

Shops:
D =:![(!!(*[[=?[:

Annotations:
D exclusions: obsidian statue and oklob plant, Roxanne


Innate Abilities, Weirdness & Mutations

You are very small and have problems with some larger weapons.
You are too small for most types of armour.
You have supernaturally acute eyesight. (SInv)
You cover ground extremely quickly. (Speed+++)


Message History

The manticore claws you but does no damage.
The manticore claws you!
You barely miss the manticore.
The manticore barely misses the manticore.
The manticore claws the manticore. x2; The manticore barely misses you.
The manticore claws you but does no damage.
The manticore completely misses you.
Unknown command.
Unknown command.
Casting: Ensorcelled Hibernation (safe; 2% risk of failure)
Confirm with . or Enter, or press ? or * to list all spells.
Your hands begin to glow red.
The manticore bites you. The manticore barely misses you.
The manticore closely misses you.
The manticore bites the manticore but does no damage.
The manticore claws the manticore but does no damage.
The manticore claws the manticore.
Unknown command.
You hit the manticore but do no damage.
The manticore appears confused.
The manticore is heavily wounded.
You are too injured to fight recklessly!
You catch the helpless manticore completely off-guard!
You perforate the manticore like a sieve!!!
The manticore is severely wounded.
The manticore closely misses you. You block the manticore's attack.
The manticore barely misses you. The manticore bites you!!
* * * LOW HITPOINT WARNING * * *
You block the manticore's attack.
The manticore claws you but does no damage.
Unknown command.
You feel better.
Unknown command.
Unknown command.
You hit the manticore but do no damage.
The manticore is severely wounded.
Unknown command.
Unknown command.
You hit the manticore but do no damage.
The manticore is severely wounded.
The manticore bites you!!
You die...

§~~ 8~§ #++# ~. .^.### # ~§
..^.# #+++#+++ ...# ........
..# ~.##+# .. ####.# k#
~##.####.####$HHH##.# ~#.##..#
...#..#@..####
###...####..#####..##.# $(?
.###'###.##..# +..#..#▓)[(!$!
#.##.##...#..# #..#..#▓!??$??(
##'.<.'###'..####^.##.#▓!$[[[$?
..##.##...#....###...##▓▓▓▓▓▓▓+
.###'###.##......~~)~~~~~~~~~~
###.#.####~~.....~#'########+##
~#..#..#~~~~~§~..~#.÷_.....#§§~


You could see 3 manticores.

Vanquished Creatures
  2 boulder beetles (D)
  A yaktaur (D)
  3 polar bears (D)
  A hornet (D)
  4 neqoxecs (D)
  Menkaure (D)
  A water moccasin (D)
  4 necrophages (D)
  A scorpion (D)
  3 worms (D)
21 creatures vanquished.

Vanquished Creatures (others)
  A water moccasin (D)
1 creature vanquished.

Grand Total: 22 creatures vanquished

Notes
Turn   | Place    | Note
-------+----------+-------------------------------------------
     0 | D        | Groucho the Spriggan Enchanter began the quest for the Orb.
     0 | D        | Reached XP level 1. HP: 9/9 MP: 5/5
     3 | D        | Noticed a neqoxec
     3 | D        | Noticed a neqoxec
     3 | D        | Noticed a neqoxec
     3 | D        | Noticed a neqoxec
     6 | D        | Noticed a boulder beetle
     6 | D        | Noticed a boulder beetle
     9 | D        | Noticed a necrophage
     9 | D        | Noticed a necrophage
     9 | D        | Noticed a necrophage
     9 | D        | Noticed a necrophage
    18 | D        | Killed a necrophage
    19 | D        | Reached skill level 5 in Dodging
    19 | D        | Reached skill level 6 in Stealth
    19 | D        | Reached skill level 5 in Hexes
    19 | D        | Reached XP level 2. HP: 16/16 MP: 6/8
    19 | D        | Reached XP level 3. HP: 19/19 MP: 6/9
    19 | D        | Killed a necrophage
    20 | D        | Reached skill level 5 in Short Blades
    20 | D        | Reached skill level 9 in Stealth
    20 | D        | Reached XP level 4. HP: 24/24 MP: 7/11
    25 | D        | Killed a necrophage
    26 | D        | Reached skill level 12 in Stealth
    26 | D        | Reached XP level 5. HP: 28/28 MP: 7/12
    36 | D        | Reached skill level 14 in Stealth
    71 | D        | Noticed an obsidian statue
   119 | D        | Killed a water moccasin
   129 | D        | Noticed Menkaure
   154 | D        | Killed Menkaure
   155 | D        | Reached skill level 15 in Stealth
   155 | D        | Reached XP level 6. HP: 11/32 MP: 13/13
   491 | D        | Learned a level 2 spell: Ensorcelled Hibernation
   495 | D        | Learned a level 3 spell: Confusing Touch
   499 | D        | Learned a level 3 spell: Dazzling Flash
   503 | D        | Learned a level 3 spell: Tukima's Dance
   508 | D        | Killed a neqoxec
   509 | D        | Reached skill level 10 in Hexes
   510 | D        | Killed a neqoxec
   511 | D        | Reached XP level 7. HP: 36/36 MP: 6/14
   513 | D        | Killed a neqoxec
   517 | D        | Killed a neqoxec
   518 | D        | Reached skill level 5 in Spellcasting
   535 | D        | Killed a boulder beetle
   536 | D        | Reached skill level 5 in Conjurations
   536 | D        | Reached XP level 8. HP: 40/40 MP: 14/19
   538 | D        | Killed a boulder beetle
   539 | D        | Reached skill level 10 in Short Blades
   539 | D        | Reached XP level 9. HP: 46/46 MP: 14/20
   548 | D        | Found Pos Cyj's Magic Scroll Shoppe.
   548 | D        | Found Gijicott's Armour Shoppe.
   548 | D        | Found Atoak's Antique Armour Emporium.
   548 | D        | Found Aconaz's Jewellery Emporium.
   548 | D        | Found Omutikk's General Store.
   548 | D        | Found Etael's Antique Armour Shoppe.
   549 | D        | Found Bomeoset's Antique Weapon Shoppe.
   549 | D        | Found Yhesy's Distillery.
   550 | D        | Found Laelauwn's Distillery.
   550 | D        | Found Sorufoim's Book Emporium.
   550 | D        | Found Oczocel's Antique Weapon Emporium.
   554 | D        | Found Xanefar's Antique Armour Shoppe.
   554 | D        | Found Ephogy's Distillery.
   554 | D        | Noticed an oklob plant
   555 | D        | Found Capp's Jewellery Emporium.
   555 | D        | Found Olat's Book Shoppe.
   582 | D        | Bought a ring of protection from fire for 250 gold pieces
   588 | D        | Reached skill level 5 in Fighting
   595 | D        | Bought a scarf of repulsion for 120 gold pieces
   597 | D        | Bought a glowing buckler for 135 gold pieces
   599 | D        | Bought a +1 troll leather armour for 220 gold pieces
   644 | D        | Found a stormy altar of Qazlal.
   644 | D        | Found an ornate altar of the Wu Jian Council.
   645 | D        | Found a hazy altar of Hepliaklqana.
   645 | D        | Found a sacrificial altar of Ru.
   646 | D        | Found a viscous altar of Jiyva.
   646 | D        | Found a shimmering blue altar of Sif Muna.
   647 | D        | Found a snail-covered altar of Cheibriados.
   647 | D        | Found an ancient bone altar of Kikubaaqudgha.
   647 | D        | Found a shimmering altar of Xom.
   647 | D        | Found a bloodstained altar of Trog.
   648 | D        | Found a shadowy altar of Dithmenos.
   648 | D        | Found a corrupted altar of Lugonu.
   649 | D        | Found a white marble altar of Elyvilon.
   649 | D        | Found a burning altar of Makhleb.
   650 | D        | Found a blossoming altar of Fedhas.
   652 | D        | Found an opulent altar of Gozag.
   652 | D        | Found a glowing golden altar of the Shining One.
   652 | D        | Found a basalt altar of Yredelemnul.
   652 | D        | Found a hide-covered altar of Uskayaw.
   652 | D        | Found a sparkling altar of Nemelex Xobeh.
   652 | D        | Noticed a polar bear
   653 | D        | Found a glowing silver altar of Zin.
   653 | D        | Found a radiant altar of Vehumet.
   653 | D        | Found an iron altar of Okawaru.
   653 | D        | Noticed a yaktaur
   653 | D        | Noticed a polar bear
   657 | D        | Became a worshipper of Dithmenos the Shadowed
   662 | D        | Killed a polar bear
   663 | D        | Reached skill level 1 in Armour
   663 | D        | Reached skill level 1 in Shields
   671 | D        | Noticed a polar bear
   673 | D        | Killed a polar bear
   677 | D        | Killed a yaktaur
   677 | D        | Reached * piety under Dithmenos
   694 | D        | Killed a polar bear
   864 | D        | Bought a book of Conjurations for 280 gold pieces
   866 | D        | Learned a level 1 spell: Magic Dart
   879 | D        | Reached ** piety under Dithmenos
   924 | D        | Noticed Roxanne
   950 | D        | Noticed a manticore
   951 | D        | Noticed a manticore
   952 | D        | Noticed a manticore
   969 | D        | HP: 2/50 [manticore (19)]
   972 | D        | Mangled by a manticore

Illustrated notes

Levels and vault maps discovered:
D:        the_violet_keep_of_menkaure [sprint2_stairs_cluster_1,
          sprint2_shoproom, sprint2_temple, sprint2_basic_supplies,
          sprint2_obstacle_3, sprint2_obstacle_7, sprint2_obstacle_6,
          sprint2_obstacle_4, sprint2_obstacle_1, sprint2_timed_cluster_1,
          sprint2_smallroom_cluster_1, sprint2_smallroom_final_cluster_1,
          sprint2_transparent_cluster_1, sprint2_second_timed_cluster_1,
          sprint2_sniper_area_1, sprint2_heavy_combat_area_1,
          sprint2_mutation_trap_area_1, sprint2_forest_area_1,
          sprint2_light_combat_area_1, sprint2_behind_water_1,
          sprint2_near_end_vault_1]

Skill      XL: |  1  2  3  4  5  6  7  8  9 |
---------------+----------------------------+-----
Fighting       | 2 3 4 7 |  7.0
Short Blades   | 3 5 6 10 | 10.0
Dodging        | 5 |  5.1
Stealth        | 6 9 12 15 | 15.0
Spellcasting   | 4 7 |  7.0
Hexes          | 5 7 12 14 | 14.0
Conjurations   | 5 |  5.0
Armour         | 4 |  4.0
Shields        | 4 |  4.0

Action                     |  1- 3 |  4- 6 |  7- 9 || total
---------------------------+-------+-------+-------++-------
  Melee: Dagger            |     7 |    34 |    44 ||    85
         Punch             |     1 |       |       ||     1
   Cast: Ensorcelled Hiber |       |     2 |    10 ||    12
         Dazzling Flash    |       |     1 |       ||     1
         Confusing Touch   |       |       |     5 ||     5
    Use: Potion            |     3 |     2 |     2 ||     7
         Scroll            |       |       |     1 ||     1
   Stab: Sleeping          |     2 |     2 |     8 ||    12
         Invisible         |     1 |     4 |       ||     5
         Confused          |       |       |     6 ||     6
 Armour: Robe              |       |     1 |       ||     1
         Troll leather arm |       |       |    11 ||    11
  Dodge: Dodged            |     9 |    10 |    35 ||    54
         Repelled          |       |       |     1 ||     1
  Block: Buckler           |       |       |    13 ||    13
